 Dungeon Crawl Stone Soup version 0.31-a0-740-g87205ac768 (webtiles) character file.

Game seed: 18110910843858346313

88 Newt the Sneak (level 4, -7/33 HPs)
             Began as an Octopode Brigand on Sept 12, 2023.
             Mangled by a gnoll
             ... wielding a +0 whip
              (10 damage)
             ... on level 2 of the Dungeon.
             The game lasted 00:02:29 (1391 turns).

Newt the Sneak (Octopode Brigand)                   Turns: 1391, Time: 00:02:30

Health: -7/33      AC:  1    Str: 16    XL:     4   Next: 54%
Magic:  4/4        EV: 12    Int: 13    God:
Gold:   143        SH:  0    Dex: 15    Spells: 3/3 levels left

rFire   . . .        a - +2 dagger
rCold   + . .        (no shield)
rNeg    + . .        (helmet restricted)
rPois   .            (no amulet)
rElec   .            d - ring of positive energy
rCorr   .            h - ring of protection from cold
SInv    .            l - +6 ring of strength
Will    .....        (no ring)
Stlth   ++++         (no ring)
HPRegen 0.25/turn    (no ring)
MPRegen 0.09/turn    (no ring)
                     (no ring)

%: no passive effects
@: no status effects
A: almost no armour, amphibious, 8 rings, camouflage 1, gelatinous body 1,
(nimble swimmer 1), tentacles
a: no special abilities


You were on level 2 of the Dungeon.
You visited 1 branch of the dungeon, and saw 3 of its levels.

You collected 143 gold pieces.

Inventory:

Hand Weapons
 a - a +2 dagger (weapon)
Missiles
 c - 3 curare-tipped darts
Jewellery
 d - a ring of positive energy (left tentacle)
 h - a ring of protection from cold (right tentacle)
 l - a +6 ring of strength (on tentacle)
Scrolls
 f - a scroll of enchant weapon
 j - 2 scrolls of amnesia
 k - a scroll of teleportation
 m - a scroll of revelation
 o - a scroll of identify
Potions
 e - a potion of curing
 g - a potion of enlightenment
 i - a potion of brilliance {unknown}


   Skills:
 - Level 4.0 Fighting
 - Level 2.0 Short Blades
 + Level 2.4 Throwing
 - Level 1.0 Dodging
 - Level 6.0 Stealth


You had 3 spell levels left.
You didn't know any spells.
Your spell library contained the following spells:

 Spells                   Type           Power      Damage    Failure   Level
 Sublimation of Blood     Necr           0%         N/A       43%         2
 Wereblood                Tmut           0%         N/A       43%         2
 Summon Hydra             Summ           0%         N/A       100%        7


Dungeon Overview and Level Annotations

Branches:
Dungeon (3/15)

Altars:


Innate Abilities, Weirdness & Mutations

You cannot wear most types of armour.
You are amphibious.
You can wear up to eight rings at the same time.
Your skin changes colour to match your surroundings (Stealth+).
Your rubbery body absorbs attacks. (AC +1, EV +1)
((You are camouflaged when in or above water. (Stealth+)))
You have tentacles for arms and can constrict up to eight enemies at once.


Message History

The rat is heavily wounded.
Throw: 2 darts (poison)
Press: ? - help, Q - select action, (/) - cycle Shift-Dir - straight line, f/p - gnoll
Aim: a gnoll, wielding a +0 spear (63% to hit)
You throw a poisoned dart. The poisoned dart hits the rat.
The rat looks as sick as possible!
The rat is heavily wounded.
You kill the rat!
A gnoll comes into view. It is wielding a +0 whip.
Unknown command.
Throw: dart (poison)
Press: ? - help, Q - select action, (/) - cycle Shift-Dir - straight line, f/p - gnoll
Aim: a gnoll, wielding a +0 spear (63% to hit)
You throw a poisoned dart. The poisoned dart hits the gnoll.
The gnoll is poisoned.
The gnoll hits you from afar with a +0 spear.
Unknown command.
Unknown command.
Unknown command.
The gnoll attacks as it pursues you!
The gnoll hits you from afar with a +0 spear.
The gnoll hits you with a +0 spear. x2
There is a stone staircase leading up, spattered with blood here.
The gnoll hits you with a +0 spear!
* * * LOW HITPOINT WARNING * * *
The gnoll barely misses you. The gnoll completely misses you.
You climb upwards.
There is a stone staircase leading down here.
Unknown command.
You feel better. The gnoll closely misses you.
The gnoll hits you with a +0 spear. The gnoll closely misses you.
Okay, then.
You hit the gnoll but do no damage. You grab the gnoll. You squeeze the gnoll.
The gnoll is almost dead.
You constrict the gnoll.
You kill the gnoll!
The gnoll hits you with a +0 spear!
* * * LOW HITPOINT WARNING * * *
The gnoll hits you with a +0 whip!
You die...

#........# #......
#........# #....).
#........# #......
#........#####......
#....<...##.........
#....<...##.........
#........##......#..
#########..).....##......#..
#..........@.........#####..
#..........gg...............
#.........####..............
###.........#
#..)...........
#...........#
#.......#######
#...........#
#.......#######
#...........#
#.......#######
#....########
#.......####### #....#
#..............


You could see 2 gnolls.

Vanquished Creatures
  A gnoll (D:2)
  4 adders
  A worm (D:2)
  A dart slug (D:2)
  An orc (D:3)
  5 bats
  An endoplasm (D:2)
  A giant cockroach (D:3)
  5 goblins
  5 hobgoblins
  6 kobolds
  2 quokkas
  4 ball pythons
  5 frilled lizards
  4 rats
46 creatures vanquished.

Notes
Turn   | Place    | Note
-------+----------+-------------------------------------------
     0 | D:1      | Newt the Octopode Brigand began the quest for the Orb.
     0 | D:1      | Reached XP level 1. HP: 14/14 MP: 1/1
   213 | D:1      | Reached XP level 2. HP: 20/20 MP: 2/2
   532 | D:2      | Reached XP level 3. HP: 26/26 MP: 3/3
  1106 | D:3      | Reached XP level 4. HP: 33/33 MP: 4/4
  1229 | D:3      | Reached skill level 6 in Stealth
  1391 | D:2      | Mangled by a gnoll

Illustrated notes

Levels and vault maps discovered:
D:1:      giann_wishing_wells, layout_rooms, serial_bayou_pond_d
D:2:      layout_basic
D:3:      layout_rooms

Skill      XL: |  1  2  3  4 |
---------------+-------------+-----
Fighting       | 3 4 |  4.0
Stealth        | 6 |  6.0
Short Blades   | |  2.0
Throwing       | |  2.4
Dodging        | |  1.0

Action                     |  1- 3 |  4- 6 || total
---------------------------+-------+-------++-------
  Melee: Dagger            |    55 |    22 ||    77
         Constrict         |    10 |     7 ||    17
         Tentacles         |     5 |     4 ||     9
  Throw: Dart              |     3 |    18 ||    21
    Use: Scroll            |     7 |       ||     7
         Potion            |       |     1 ||     1
   Stab: Sleeping          |    16 |     1 ||    17
 Armour: Skin              |    17 |    19 ||    36
  Dodge: Dodged            |    21 |    17 ||    38

Table legend: (Time is in decaauts)
 A = Elapsed time spent in this place.
 B = Non-inter-level travel time spent in this place.
 C = Inter-level travel time spent in this place.
 D = Time resting spent in this place.
 E = Time spent auto-exploring this place.
 F = Levels seen in this place.
 G = Mean time per level.
                   A        B        C        D        E       F      G
               +--------+--------+--------+--------+--------+-----+--------+
         Total |   1379 |   1328 |     51 |      0 |   1004 |   3 |  459.7 |
       Dungeon |   1379 |   1328 |     51 |      0 |   1004 |   3 |  459.7 |
               +--------+--------+--------+--------+--------+-----+--------+

Top non-repeatable levels by time:
     D:2: 626 daAuts
     D:1: 453 daAuts
     D:3: 300 daAuts
